 Dungeon Crawl Stone Soup version 0.27-a0-291-gd9602db6ee (webtiles) character file.

Game seed: 15281965313206679197

202 Fenrir042 the Skirmisher (level 5, 0/72 HPs)
             Began as a Minotaur Berserker on Feb 9, 2021.
             Was a Believer of Trog.
             Succumbed to a worker ant's poison
             ... on level 4 of the Dungeon.
             The game lasted 00:02:15 (1456 turns).

Fenrir042 the Skirmisher (Minotaur Berserker)       Turns: 1456, Time: 00:02:16

Health: 0/72       AC:  7    Str: 22    XL:     5   Next: 50%
Magic:  4/4        EV: 10    Int:  4    God:    Trog [**....]
Gold:   62         SH:  0    Dex: 10    Spells: 4/4 levels left

rFire    . . .     SeeInvis .   a - +0 hand axe
rCold    . . .     Faith    .   (no shield)
rNeg     . . .     Spirit   .   j - +0 scale mail
rPois    .         Reflect  .   (helmet restricted)
rElec    .         Harm     .   (no cloak)
rCorr    .         Rampage  .   (no gloves)
Will     .....                  (no boots)
Stlth    ..........             (no amulet)
HPRegen  0.22/turn              (no ring)
MPRegen  0.09/turn              (no ring)

@: mighty, berserking, lethally poisoned (0 -> -11), hasted, very quick
A: retaliatory headbutt, fangs 1, hooves 1, horns 2, deterioration 1, mutation
resistance 1
a: Renounce Religion, Berserk, Trog's Hand


You were on level 4 of the Dungeon.
You worshipped Trog.
Trog was pleased with you.
You visited 1 branch of the dungeon, and saw 3 of its levels.

You collected 62 gold pieces.

Inventory:

Hand Weapons
 a - a +0 hand axe (weapon)
Armour
 b - a +0 animal skin
 j - a +0 scale mail (worn)
Scrolls
 c - 2 scrolls of immolation {unknown}
 f - 4 scrolls of identify {unknown}
 g - 5 scrolls of teleportation {unknown}
Potions
 d - a potion of mutation
 h - a potion of haste


   Skills:
 + Level 5.3 Fighting
 + Level 5.2 Axes
 + Level 4.4 Armour
 - Level 2.1 Dodging


You had 4 spell levels left.
You didn't know any spells.
Your spell library was empty.

Dungeon Overview and Level Annotations

Branches:
Dungeon (2/15)

Altars:
Cheibriados


Innate Abilities, Weirdness & Mutations

You reflexively headbutt those who attack you in melee.
You have a pair of horns on your head.
You have very sharp teeth.
You have large cloven feet.
Your body sometimes deteriorates upon taking damage.
You are somewhat resistant to further mutation.


Message History

* * * LOW HITPOINT WARNING * * *
You feel sick.
The worker ant bites you but does no damage.
It was a potion of haste.
You feel yourself speed up.
* * * LOW HITPOINT WARNING * * *
You feel sick. The worker ant closely misses you.
* * * LOW HITPOINT WARNING * * *
You feel sick.
* * * LOW HITPOINT WARNING * * *
You feel sick.
It was a potion of might.
You feel very mighty all of a sudden.
* * * LOW HITPOINT WARNING * * *
You feel sick.
It was a potion of magic.
Magic courses through your body.
* * * LOW HITPOINT WARNING * * *
You feel sick. The worker ant barely misses you.
A red film seems to cover your vision as you go berserk!
You feel yourself moving faster!
You feel mighty!
You die...

#.# #####.# #.....# .#
#.##### ... #.# ######
##.. #.#######....##
..... #.............#
......##########.##..#
#.......B@.......#
#####...:....###.#
#.#####......#
#.#####...#####
#.............#
#########.###.#
#.....# #######


You could see a worker ant.

Vanquished Creatures
  Menkaure (D:4)
  2 gnolls (D:4)
  2 adders
  2 dart slugs
  A leopard gecko (D:4)
  2 giant cockroaches
  4 goblins
  3 hobgoblins
  4 jackals (D:4)
  2 bats (D:2)
  3 frilled lizards
  7 kobolds
  2 rats
35 creatures vanquished.

Notes
Turn   | Place    | Note
-------+----------+-------------------------------------------
     0 | D:1      | Fenrir042 the Minotaur Berserker began the quest for the
                  | Orb.
     0 | D:1      | Reached XP level 1. HP: 19/19 MP: 0/0
   400 | D:1      | Reached XP level 2. HP: 18/27 MP: 1/1
   957 | D:2      | Found a snail-covered altar of Cheibriados.
  1025 | D:2      | Reached XP level 3. HP: 33/33 MP: 2/2
  1182 | D:2      | You fall into a shaft and drop 2 floors!
  1221 | D:4      | Reached ** piety under Trog
  1323 | D:4      | Reached XP level 4. HP: 36/41 MP: 3/3
  1431 | D:4      | Noticed Menkaure
  1439 | D:4      | Killed Menkaure
  1440 | D:4      | Reached skill level 5 in Fighting
  1440 | D:4      | Reached skill level 5 in Axes
  1440 | D:4      | Reached XP level 5. HP: 20/48 MP: 4/4
  1450 | D:4      | Gained mutation: Your body sometimes deteriorates upon
                  | taking damage. [potion of mutation]
  1450 | D:4      | Gained mutation: You are somewhat resistant to further
                  | mutation. [potion of mutation]
  1450 | D:4      | Gained mutation: You have large cloven feet. [potion of
                  | mutation]
  1450 | D:4      | Gained mutation: You have very sharp teeth. [potion of
                  | mutation]
  1453 | D:4      | HP: 2/48 [poisoned by a worker ant]
  1456 | D:4      | Succumbed to a worker ant's poison

Illustrated notes

Levels and vault maps discovered:
D:1:      mrwooster_arrival_statue, layout_loops_ring, chequers_mini_garden
D:2:      layout_loops_corners, nzn_hepliaklqana_mist_gate,
          kennysheep_slug_shrine
D:4:      lemuel_castle_with_subvaults [lemuel_castle_interior_original],
          layout_basic, ebering_ghost_rock_garden, uniq_menkaure, uniq_pikel,
          uniq_purgy

Skill      XL: |  1  2  3  4 |
---------------+-------------+-----
Fighting       | 4 5 |  5.3
Axes           | 4 5 |  5.2
Armour         | 3 4 |  4.4
Dodging        | |  2.1

Action                   |  1- 3 |  4- 6 || total
-------------------------+-------+-------++-------
Melee: Hand axe          |    74 |    18 ||    92
       Headbutt          |    14 |     2 ||    16
Invok: Berserk           |       |     1 ||     1
  Use: Potion            |       |     4 ||     4
Armor: Animal skin       |     1 |       ||     1
       Scale mail        |    27 |     8 ||    35
Dodge: Dodged            |    39 |     8 ||    47

Table legend: (Time is in decaauts)
 A = Elapsed time spent in this place.
 B = Non-inter-level travel time spent in this place.
 C = Inter-level travel time spent in this place.
 D = Time resting spent in this place.
 E = Time spent auto-exploring this place.
 F = Levels seen in this place.
 G = Mean time per level.
                   A        B        C        D        E       F      G
               +--------+--------+--------+--------+--------+-----+--------+
         Total |   1467 |   1451 |     16 |      0 |   1232 |   3 |  489.0 |
       Dungeon |   1467 |   1451 |     16 |      0 |   1232 |   3 |  489.0 |
               +--------+--------+--------+--------+--------+-----+--------+

Top non-repeatable levels by time:
     D:1: 832 daAuts
     D:2: 355 daAuts
     D:4: 278 daAuts
